NCAA
OKLAHOMA STATE COWBOYS @ CONNECTICUT HUSKIES
05/01/2029
 
TOP OF THE 1ST
Oklahoma State Cowboys batting - Pitching for Connecticut Huskies : RHP Tony Singleton
Pitching: RHP Tony Singleton
Batting: RHB Derrek Lane 0-0: Called Strike
0-1: Ball
1-1: Ground out 6-3 (Groundball, 56)
Batting: RHB Eddie Fisher 0-0: Foul Ball, location: 2F
0-1: Ball
1-1: Ball
2-1: Ball
3-1: Base on Balls
Batting: SHB Jacob Lachance 0-0: Ball
1-0: Ball
2-0: Swinging Strike
2-1: Ball
3-1: Base on Balls
Eddie Fisher to second
Batting: SHB Ernest Hood 0-0: Called Strike
0-1: Ball
1-1: Fly out, F8 (Flyball, 8RM)
Batting: RHB Hank Quinn 0-0: Ball
1-0: Ball
2-0: Ball
3-0: Base on Balls
Eddie Fisher to third
Jacob Lachance to second
Batting: RHB Dennis Ingram 0-0: Swinging Strike
0-1: Ball
1-1: Called Strike
1-2: Foul Ball, location: 2F
1-2: Strikes out looking
Top of the 1st over - 0 runs, 0 hits, 0 errors, 3 left on base; Oklahoma State 0 - Connecticut 0
BOTTOM OF THE 1ST
Connecticut Huskies batting - Pitching for Oklahoma State Cowboys : LHP Clarence Webb
Pitching: LHP Clarence Webb
Batting: RHB Anthony Payton 0-0: Ball
1-0: Ball
2-0: SINGLE (Line Drive, 56D)
Batting: LHB Roberto Martínez 0-0: Foul Ball, location: 2F
0-1: Called Strike
0-2: Strikes out swinging
Batting: RHB Bill Starr 0-0: Swinging Strike
0-1: Swinging Strike
0-2: Foul Ball, location: 2F
0-2: Fly out, F9 (Flyball, 89M)
Batting: LHB Al Dooley 0-0: Ball
1-0: Fielders Choice at 2nd, U6 (Groundball, 6M)
Bottom of the 1st over - 0 runs, 1 hit, 0 errors, 1 left on base; Oklahoma State 0 - Connecticut 0
TOP OF THE 2ND
Oklahoma State Cowboys batting - Pitching for Connecticut Huskies : RHP Tony Singleton
Batting: RHB Ricardo Toledo 0-0: Ball
1-0: Foul Ball, location: 2F
1-1: Foul Ball, location: 2F
1-2: Strikes out swinging
Batting: RHB Tony Swanson 0-0: SINGLE (Line Drive, 78S)
Batting: RHB Flynn Roberts 0-0: Called Strike
0-1: Swinging Strike
0-2: Ball
Tony Swanson is caught stealing 2nd base
1-2: Ball
2-2: Foul Ball, location: 2F
2-2: Strikes out looking
Top of the 2nd over - 0 runs, 1 hit, 0 errors, 0 left on base; Oklahoma State 0 - Connecticut 0
BOTTOM OF THE 2ND
Connecticut Huskies batting - Pitching for Oklahoma State Cowboys : LHP Clarence Webb
Batting: RHB Phil Gabriel 0-0: Ball
1-0: SINGLE (Line Drive, 6D)
Batting: RHB Eric Vaughn 0-0: Called Strike
0-1: Ball
1-1: Ball
2-1: Called Strike
2-2: Ball
3-2: Grounds into double play, 6-4-3 (Groundball, 6M)
Batting: RHB Ward Dempsey 0-0: Ball
1-0: Swinging Strike
1-1: Ground out 6-3 (Groundball, 6)
Bottom of the 2nd over - 0 runs, 1 hit, 0 errors, 0 left on base; Oklahoma State 0 - Connecticut 0
TOP OF THE 3RD
Oklahoma State Cowboys batting - Pitching for Connecticut Huskies : RHP Tony Singleton
Batting: RHB Derrek Lane 0-0: Called Strike
0-1: Called Strike
0-2: Strikes out swinging
Batting: RHB Eddie Fisher 0-0: Foul Ball, location: 2F
0-1: Swinging Strike
0-2: Ground out 6-3 (Groundball, 6)
Batting: SHB Jacob Lachance 0-0: Ball
1-0: Swinging Strike
1-1: Called Strike
1-2: Strikes out looking
Top of the 3rd over - 0 runs, 0 hits, 0 errors, 0 left on base; Oklahoma State 0 - Connecticut 0
BOTTOM OF THE 3RD
Connecticut Huskies batting - Pitching for Oklahoma State Cowboys : LHP Clarence Webb
Batting: LHB Garth Gallegos 0-0: Ball
1-0: Ball
2-0: Ball
3-0: Base on Balls
Batting: RHB Martin Caldwell 0-0: Ball
1-0: Ball
2-0: Foul Ball, location: 2F
2-1: Called Strike
2-2: Ball
3-2: Strikes out looking
Garth Gallegos is caught stealing 2nd base
Batter strikes out.
Batting: RHB Anthony Payton 0-0: Called Strike
0-1: Ball
1-1: Ground out 5-3 (Groundball, 56)
Bottom of the 3rd over - 0 runs, 0 hits, 0 errors, 0 left on base; Oklahoma State 0 - Connecticut 0
TOP OF THE 4TH
Oklahoma State Cowboys batting - Pitching for Connecticut Huskies : RHP Tony Singleton
Batting: SHB Ernest Hood 0-0: Called Strike
0-1: Called Strike
0-2: Ball
1-2: Foul Ball, location: 2F
1-2: Ball
2-2: Strikes out swinging
Batting: RHB Hank Quinn 0-0: Foul Ball, location: 2F
0-1: SINGLE (Groundball, 56D)
Batting: RHB Dennis Ingram 0-0: Fly out, F9 (Flyball, 9S)
Batting: RHB Ricardo Toledo 0-0: Ball
1-0: Foul Ball, location: 2F
1-1: Ball
2-1: Foul Ball, location: 2F
2-2: SINGLE (Groundball, 6MD)
Hank Quinn to second
Batting: RHB Tony Swanson 0-0: Ball
1-0: Swinging Strike
1-1: Ball
2-1: Foul Ball, location: 2F
2-2: Ball
3-2: Base on Balls
Hank Quinn to third
Ricardo Toledo to second
Batting: RHB Flynn Roberts 0-0: Called Strike
0-1: Called Strike
0-2: Ground out 4-3 (Groundball, 4MS)
Top of the 4th over - 0 runs, 2 hits, 0 errors, 3 left on base; Oklahoma State 0 - Connecticut 0
BOTTOM OF THE 4TH
Connecticut Huskies batting - Pitching for Oklahoma State Cowboys : LHP Clarence Webb
Batting: LHB Roberto Martínez 0-0: Called Strike
0-1: Ball
1-1: Called Strike
1-2: Ball
2-2: Strikes out swinging
Batting: RHB Bill Starr 0-0: Swinging Strike
0-1: Ball
1-1: Swinging Strike
1-2: Strikes out swinging
Batting: LHB Al Dooley 0-0: Ball
1-0: Ball
2-0: Called Strike
2-1: Ball
3-1: Swinging Strike
3-2: Ground out 5-3 (Groundball, 56S)
Bottom of the 4th over - 0 runs, 0 hits, 0 errors, 0 left on base; Oklahoma State 0 - Connecticut 0
TOP OF THE 5TH
Oklahoma State Cowboys batting - Pitching for Connecticut Huskies : RHP Tony Singleton
Batting: RHB Derrek Lane 0-0: Ball
1-0: Ball
2-0: Called Strike
2-1: Foul Ball, location: 2F
2-2: Foul Ball, location: 2F
2-2: Ball
3-2: Base on Balls
Batting: RHB Eddie Fisher 0-0: Ball
Derrek Lane steals 2nd base
1-0: Called Strike
1-1: 2-RUN HOME RUN (Flyball, 7D), Distance : 365 ft
Pitching: LHP Marc Valličres
Batting: SHB Jacob Lachance 0-0: Called Strike
0-1: Swinging Strike
0-2: Ball
1-2: Foul Ball, location: 2F
1-2: Strikes out swinging
Batting: SHB Ernest Hood 0-0: SINGLE (Groundball, 4) (infield hit)
Batting: RHB Hank Quinn 0-0: Called Strike
0-1: Called Strike
0-2: Ball
1-2: Strikes out looking
Batting: RHB Dennis Ingram 0-0: Called Strike
0-1: Swinging Strike
0-2: Strikes out looking
Top of the 5th over - 2 runs, 2 hits, 0 errors, 1 left on base; Oklahoma State 2 - Connecticut 0
BOTTOM OF THE 5TH
Connecticut Huskies batting - Pitching for Oklahoma State Cowboys : LHP Clarence Webb
Batting: RHB Phil Gabriel 0-0: Ball
1-0: DOUBLE (Line Drive, 7LS)
Batting: RHB Eric Vaughn 0-0: Ball
1-0: Ball
2-0: Ball
3-0: Called Strike
3-1: Base on Balls
Batting: RHB Ward Dempsey 0-0: Foul Ball, location: 2F
0-1: SINGLE (Groundball, 34D)
Phil Gabriel to third
Eric Vaughn to second
Runner from 3rd tries for Home, throw and OUT!
Batting: LHB Garth Gallegos 0-0: Ball
1-0: SINGLE (Groundball, 34D)
Eric Vaughn to third
Ward Dempsey to second
Runner from 3rd tries for Home, SAFE, throw made home
Batting: RHB Martin Caldwell 0-0: Ball
1-0: Ball
2-0: Called Strike
2-1: Ball
3-1: Swinging Strike
3-2: Strikes out looking
Batting: RHB Anthony Payton 0-0: Called Strike
0-1: Called Strike
0-2: Foul Ball, location: 2F
0-2: Ball
1-2: SINGLE (Groundball, 4D)
Ward Dempsey to third
Garth Gallegos to second
Runner from 3rd tries for Home, SAFE, throw made home
Batting: LHB Roberto Martínez 0-0: Foul Ball, location: 2F
0-1: 3-RUN HOME RUN (Flyball, 9D), Distance : 371 ft
Pitching: RHP Ryan Park
Batting: RHB Bill Starr 0-0: Called Strike
0-1: Ball
1-1: Foul Ball, location: 2F
1-2: Ball
2-2: Foul Ball, location: 2F
2-2: Foul Ball, location: 2F
2-2: Ground out 6-3 (Groundball, 6)
Bottom of the 5th over - 5 runs, 5 hits, 0 errors, 0 left on base; Oklahoma State 2 - Connecticut 5
TOP OF THE 6TH
Oklahoma State Cowboys batting - Pitching for Connecticut Huskies : LHP Marc Valličres
Batting: RHB Ricardo Toledo 0-0: Swinging Strike
0-1: Foul Ball, location: 2F
0-2: Ball
1-2: Ball
2-2: Ball
3-2: Strikes out swinging
Batting: RHB Tony Swanson 0-0: Ball
1-0: Ball
2-0: Reached on error, E6 (Groundball, 6)
Batting: RHB Flynn Roberts 0-0: Reached on error, E5 (Groundball, 56)
Tony Swanson to second
Batting: RHB Derrek Lane 0-0: Ball
Tony Swanson steals 3rd base
1-0: Foul Ball, location: 2F
1-1: Ball
2-1: SINGLE (Flyball, 8LS)
Tony Swanson scores
Flynn Roberts to second
Runner from 2nd tries for 3rd, OUT!
Batting: RHB Eddie Fisher 0-0: Ball
1-0: Ball
2-0: Ball
3-0: Called Strike
3-1: DOUBLE (Flyball, 78D)
Derrek Lane to third
Runner from 3rd tries for Home, SAFE, no throw
Batting: SHB Jacob Lachance 0-0: Foul Ball, location: 2F
0-1: DOUBLE (Groundball, 3L)
Eddie Fisher scores
Batting: SHB Ernest Hood 0-0: Foul Ball, location: 2F
0-1: Foul Ball, location: 2F
0-2: Strikes out swinging
Top of the 6th over - 3 runs, 3 hits, 2 errors, 1 left on base; Oklahoma State 5 - Connecticut 5
BOTTOM OF THE 6TH
Connecticut Huskies batting - Pitching for Oklahoma State Cowboys : RHP Ryan Park
Batting: LHB Al Dooley 0-0: Foul Ball, location: 2F
0-1: Called Strike
0-2: SINGLE (Flyball, 78M)
Batting: RHB Phil Gabriel 0-0: Called Strike
0-1: Ball
1-1: Ball
2-1: Ball
3-1: Called Strike
3-2: Base on Balls
Al Dooley to second
Batting: RHB Eric Vaughn 0-0: Ball
1-0: Called Strike
1-1: Fly out, F7 (Flyball, 78S)
Batting: RHB Ward Dempsey 0-0: Fly out, F7 (Flyball, 78S)
Batting: LHB Garth Gallegos 0-0: Called Strike
0-1: Called Strike
0-2: Strikes out swinging
Bottom of the 6th over - 0 runs, 1 hit, 0 errors, 2 left on base; Oklahoma State 5 - Connecticut 5
TOP OF THE 7TH
Oklahoma State Cowboys batting - Pitching for Connecticut Huskies : LHP Marc Valličres
Pitching: RHP Kenny Baker
Batting: RHB Hank Quinn 0-0: SINGLE (Line Drive, 8LS)
Batting: RHB Dennis Ingram 0-0: Foul Ball, location: 2F
0-1: Ball
1-1: Ball
2-1: Ball
3-1: Base on Balls
Hank Quinn to second
Batting: RHB Ricardo Toledo 0-0: Ball
1-0: Ball
Wild Pitch!
Hank Quinn to third
Dennis Ingram to second
2-0: Intentional Walk
Batting: RHB Tony Swanson 0-0: Ball
1-0: Ball
2-0: Swinging Strike
2-1: Ball
3-1: Grounds into fielders choice 5-2 (Groundball, 56S)
Dennis Ingram to third
Ricardo Toledo to second
Batting: RHB Flynn Roberts 0-0: Foul Ball, location: 2F
0-1: Ball
1-1: Ball
2-1: Swinging Strike
2-2: Fly out, F7 (Flyball, 78D)
Runner from 3rd tags up, SCORES, throw made
Batting: RHB Derrek Lane 0-0: Called Strike
0-1: Foul Ball, location: 2F
0-2: Foul Ball, location: 2F
0-2: Foul Ball, location: 2F
0-2: Foul Ball, location: 2F
0-2: Ball
1-2: Strikes out swinging
Top of the 7th over - 1 run, 1 hit, 0 errors, 2 left on base; Oklahoma State 6 - Connecticut 5
BOTTOM OF THE 7TH
Connecticut Huskies batting - Pitching for Oklahoma State Cowboys : RHP Ryan Park
Batting: RHB Martin Caldwell 0-0: Fly out, F8 (Flyball, 8RXD)
Batting: RHB Anthony Payton 0-0: Called Strike
0-1: Ball
1-1: Fly out, F3 (Popup, 3F)
Batting: LHB Roberto Martínez 0-0: Called Strike
0-1: Fly out, F4 (Line Drive, 4M)
Bottom of the 7th over - 0 runs, 0 hits, 0 errors, 0 left on base; Oklahoma State 6 - Connecticut 5
TOP OF THE 8TH
Oklahoma State Cowboys batting - Pitching for Connecticut Huskies : RHP Kenny Baker
Batting: RHB Eddie Fisher 0-0: Called Strike
0-1: Called Strike
0-2: Fly out, F8 (Flyball, 8LS)
Batting: SHB Jacob Lachance 0-0: Ball
1-0: Ball
2-0: Ball
3-0: Base on Balls
Batting: SHB Ernest Hood 0-0: Ball
1-0: Ball
2-0: Foul Ball, location: 2F
2-1: Fly out, F8 (Flyball, 8LM)
Batting: RHB Hank Quinn 0-0: Called Strike
0-1: Swinging Strike
0-2: Foul Ball, location: 2F
0-2: Ball
1-2: Ball
2-2: Strikes out swinging
Top of the 8th over - 0 runs, 0 hits, 0 errors, 1 left on base; Oklahoma State 6 - Connecticut 5
BOTTOM OF THE 8TH
Connecticut Huskies batting - Pitching for Oklahoma State Cowboys : RHP Ryan Park
Batting: RHB Bill Starr 0-0: Called Strike
0-1: Fly out, F8 (Line Drive, 8LXD)
Batting: LHB Al Dooley 0-0: Called Strike
0-1: Ball
1-1: Foul Ball, location: 2F
1-2: Foul Ball, location: 2F
1-2: Ball
2-2: Ball
3-2: Foul Ball, location: 2F
3-2: Foul Ball, location: 2F
3-2: Base on Balls
Batting: RHB Phil Gabriel 0-0: Ball
1-0: SINGLE (Groundball, 4M)
Al Dooley to second
Batting: RHB Eric Vaughn 0-0: Swinging Strike
0-1: Ball
1-1: Foul Ball, location: 2F
1-2: Foul Ball, location: 2F
1-2: Ball
2-2: Ball
3-2: Base on Balls
Al Dooley to third
Phil Gabriel to second
Pinch Hitting: RHB Ron Frost 0-0: Called Strike
0-1: Ball
1-1: Ball
2-1: Swinging Strike
2-2: Ball
3-2: Foul Ball, location: 2F
3-2: Grounds into fielders choice 6-2 (Groundball, 6)
Phil Gabriel to third
Eric Vaughn to second
Pitching: LHP Jason Hall
Batting: LHB Garth Gallegos 0-0: Ball
1-0: Ground out 6-3 (Groundball, 6M)
Bottom of the 8th over - 0 runs, 1 hit, 0 errors, 3 left on base; Oklahoma State 6 - Connecticut 5
TOP OF THE 9TH
Oklahoma State Cowboys batting - Pitching for Connecticut Huskies : RHP Kenny Baker
Pitching: LHP Ryan Vachon
Now at 3B: José Ramírez
Batting: RHB Dennis Ingram 0-0: Ball
1-0: Swinging Strike
1-1: Foul Ball, location: 2F
1-2: Strikes out looking
Batting: RHB Ricardo Toledo 0-0: Called Strike
0-1: SINGLE (Groundball, 6MD)
Batting: RHB Tony Swanson 0-0: Ball
1-0: Ball
2-0: Ball
3-0: Base on Balls
Ricardo Toledo to second
Batting: RHB Flynn Roberts 0-0: Ball
1-0: Swinging Strike
1-1: Fly out, F8 (Line Drive, 8RD)
Runner from 2nd tags up, SAFE at 3rd with throw
Batting: RHB Derrek Lane 0-0: Swinging Strike
0-1: Ball
Wild Pitch!
Ricardo Toledo scores
Tony Swanson to second
1-1: Ball
2-1: Ball
3-1: Foul Ball, location: 2F
3-2: Base on Balls
Batting: RHB Eddie Fisher 0-0: Ball
1-0: Fly out, F9 (Flyball, 9LDF)
Top of the 9th over - 1 run, 1 hit, 0 errors, 2 left on base; Oklahoma State 7 - Connecticut 5
BOTTOM OF THE 9TH
Connecticut Huskies batting - Pitching for Oklahoma State Cowboys : LHP Jason Hall
Batting: RHB Martin Caldwell 0-0: Ball
1-0: Called Strike
1-1: SINGLE (Groundball, 4MD)
Batting: RHB Anthony Payton 0-0: Foul Ball, location: 2F
0-1: 2-RUN HOME RUN (Flyball, 78XD), Distance : 391 ft
Batting: LHB Roberto Martínez 0-0: Foul Ball, location: 2F
0-1: Swinging Strike
0-2: Foul Ball, location: 2F
0-2: Foul Ball, location: 2F
0-2: Ground out 4-3 (Groundball, 4)
Batting: RHB Bill Starr 0-0: DOUBLE (Line Drive, 7LM)
Batting: LHB Al Dooley 0-0: Foul Ball, location: 2F
0-1: Ball
1-1: Foul Ball, location: 2F
1-2: Ground out U3 (Groundball, 3)
Bill Starr to third
Batting: RHB Phil Gabriel 0-0: Foul Ball, location: 2F
0-1: Ball
1-1: Ball
2-1: Foul Ball, location: 2F
2-2: Foul Ball, location: 2F
2-2: SINGLE (Groundball, 6D)
Bill Starr scores
Saturday, December 16th, 2017 - OOTP Baseball 18.8 Build 76